Workbook

Sheet Start here
B2: Freelancer Income & Tax Tracker
B3: Free template from iamai.markets — the AI marketplace
B5: How to use it
B6: 1. Log every payment on the "Income" sheet and every business cost on "Expenses".
B7: 2. Set your tax-saving % on "Summary" (for example 20%).
B8: 3. The summary shows income, expenses and profit per month and how much to put aside for tax.
B9: 4. Status "Unpaid" invoices are highlighted so you can chase them.
B11: Tip: white cells are yours to fill in; tinted cells calculate by themselves.
B12: More free templates and tools: https://iamai.markets

Sheet Summary
A1: Summary by month
A3: Month | B3: Income (paid) | C3: Expenses | D3: Profit | E3: Save for tax | F3: Unpaid | H3: Tax to save % | I3: 0.2
A4: Jan | B4: =SUMIFS(Income!D:D,Income!F:F,1,Income!E:E,"Paid") | C4: =SUMIFS(Expenses!D:D,Expenses!E:E,1) | D4: =B4-C4 | E4: =MAX(0,D4*$I$3) | F4: =SUMIFS(Income!D:D,Income!F:F,1,Income!E:E,"Unpaid")
A5: Feb | B5: =SUMIFS(Income!D:D,Income!F:F,2,Income!E:E,"Paid") | C5: =SUMIFS(Expenses!D:D,Expenses!E:E,2) | D5: =B5-C5 | E5: =MAX(0,D5*$I$3) | F5: =SUMIFS(Income!D:D,Income!F:F,2,Income!E:E,"Unpaid")
A6: Mar | B6: =SUMIFS(Income!D:D,Income!F:F,3,Income!E:E,"Paid") | C6: =SUMIFS(Expenses!D:D,Expenses!E:E,3) | D6: =B6-C6 | E6: =MAX(0,D6*$I$3) | F6: =SUMIFS(Income!D:D,Income!F:F,3,Income!E:E,"Unpaid")
A7: Apr | B7: =SUMIFS(Income!D:D,Income!F:F,4,Income!E:E,"Paid") | C7: =SUMIFS(Expenses!D:D,Expenses!E:E,4) | D7: =B7-C7 | E7: =MAX(0,D7*$I$3) | F7: =SUMIFS(Income!D:D,Income!F:F,4,Income!E:E,"Unpaid")
A8: May | B8: =SUMIFS(Income!D:D,Income!F:F,5,Income!E:E,"Paid") | C8: =SUMIFS(Expenses!D:D,Expenses!E:E,5) | D8: =B8-C8 | E8: =MAX(0,D8*$I$3) | F8: =SUMIFS(Income!D:D,Income!F:F,5,Income!E:E,"Unpaid")
A9: Jun | B9: =SUMIFS(Income!D:D,Income!F:F,6,Income!E:E,"Paid") | C9: =SUMIFS(Expenses!D:D,Expenses!E:E,6) | D9: =B9-C9 | E9: =MAX(0,D9*$I$3) | F9: =SUMIFS(Income!D:D,Income!F:F,6,Income!E:E,"Unpaid")
A10: Jul | B10: =SUMIFS(Income!D:D,Income!F:F,7,Income!E:E,"Paid") | C10: =SUMIFS(Expenses!D:D,Expenses!E:E,7) | D10: =B10-C10 | E10: =MAX(0,D10*$I$3) | F10: =SUMIFS(Income!D:D,Income!F:F,7,Income!E:E,"Unpaid")
A11: Aug | B11: =SUMIFS(Income!D:D,Income!F:F,8,Income!E:E,"Paid") | C11: =SUMIFS(Expenses!D:D,Expenses!E:E,8) | D11: =B11-C11 | E11: =MAX(0,D11*$I$3) | F11: =SUMIFS(Income!D:D,Income!F:F,8,Income!E:E,"Unpaid")
A12: Sep | B12: =SUMIFS(Income!D:D,Income!F:F,9,Income!E:E,"Paid") | C12: =SUMIFS(Expenses!D:D,Expenses!E:E,9) | D12: =B12-C12 | E12: =MAX(0,D12*$I$3) | F12: =SUMIFS(Income!D:D,Income!F:F,9,Income!E:E,"Unpaid")
A13: Oct | B13: =SUMIFS(Income!D:D,Income!F:F,10,Income!E:E,"Paid") | C13: =SUMIFS(Expenses!D:D,Expenses!E:E,10) | D13: =B13-C13 | E13: =MAX(0,D13*$I$3) | F13: =SUMIFS(Income!D:D,Income!F:F,10,Income!E:E,"Unpaid")
A14: Nov | B14: =SUMIFS(Income!D:D,Income!F:F,11,Income!E:E,"Paid") | C14: =SUMIFS(Expenses!D:D,Expenses!E:E,11) | D14: =B14-C14 | E14: =MAX(0,D14*$I$3) | F14: =SUMIFS(Income!D:D,Income!F:F,11,Income!E:E,"Unpaid")
A15: Dec | B15: =SUMIFS(Income!D:D,Income!F:F,12,Income!E:E,"Paid") | C15: =SUMIFS(Expenses!D:D,Expenses!E:E,12) | D15: =B15-C15 | E15: =MAX(0,D15*$I$3) | F15: =SUMIFS(Income!D:D,Income!F:F,12,Income!E:E,"Unpaid")
A16: Year | B16: =SUM(B4:B15) | C16: =SUM(C4:C15) | D16: =SUM(D4:D15) | E16: =SUM(E4:E15) | F16: =SUM(F4:F15)

Sheet Income
A1: Income
A3: Date | B3: Client | C3: Project | D3: Amount | E3: Status | F3: Month
F4: =IF(A4="","",MONTH(A4))
F5: =IF(A5="","",MONTH(A5))
F6: =IF(A6="","",MONTH(A6))
F7: =IF(A7="","",MONTH(A7))
F8: =IF(A8="","",MONTH(A8))
F9: =IF(A9="","",MONTH(A9))
F10: =IF(A10="","",MONTH(A10))
F11: =IF(A11="","",MONTH(A11))
F12: =IF(A12="","",MONTH(A12))
F13: =IF(A13="","",MONTH(A13))
F14: =IF(A14="","",MONTH(A14))
F15: =IF(A15="","",MONTH(A15))
... F203: =IF(A203="","",MONTH(A203))

Sheet Expenses
A1: Business expenses
A3: Date | B3: What | C3: Category | D3: Amount | E3: Month
E4: =IF(A4="","",MONTH(A4))
E5: =IF(A5="","",MONTH(A5))
E6: =IF(A6="","",MONTH(A6))
E7: =IF(A7="","",MONTH(A7))
E8: =IF(A8="","",MONTH(A8))
E9: =IF(A9="","",MONTH(A9))
E10: =IF(A10="","",MONTH(A10))
E11: =IF(A11="","",MONTH(A11))
E12: =IF(A12="","",MONTH(A12))
E13: =IF(A13="","",MONTH(A13))
E14: =IF(A14="","",MONTH(A14))
E15: =IF(A15="","",MONTH(A15))
... E203: =IF(A203="","",MONTH(A203))
